 Dungeon Crawl Stone Soup version 0.18.1-8-gdd0e5ea (webtiles) character file.

56 santipi the Firebug (level 3, -3/19 HPs)
             Began as a Deep Elf Fire Elementalist on June 6, 2016.
             Slain by a worm (10 damage)
             ... on level 2 of the Dungeon.
             The game lasted 00:11:25 (2047 turns).

santipi the Firebug (Deep Elf Fire Elementalist)    Turns: 2047, Time: 00:11:25

Health: -3/19      AC:  5    Str:  5    XL:     3   Next: 71%
Magic:  2/9        EV: 13    Int: 20    God:
Gold:   108        SH:  0    Dex: 15    Spells: 3 memorised, 2 levels left

rFire  . . .     SeeInvis .     (no weapon)
rCold  + . .     Gourm    .     a - +0 robe
rNeg   . . .     Faith    .     (no shield)
rPois  .         Spirit   .     (no helmet)
rElec  .         Dismiss  .     f - +0 cloak
rCorr  .         Reflect  .     (no gloves)
SustAt .         Harm     .     (no boots)
MR     .....                    (no amulet)
Stlth  ++........               (no ring)
                                d - ring of protection from cold

@: not resistant to hostile enchantments, unstealthy
A: yellow scales 1
a: no special abilities


You were on level 2 of the Dungeon.
You were full.

You visited 1 branch of the dungeon, and saw 2 of its levels.

You collected 108 gold pieces.

Inventory:

Armour
 a - a +0 robe (worn)
 f - a +0 cloak (worn)
 g - a cursed +0 robe
Jewellery
 d - a ring of protection from cold (left hand)
Scrolls
 e - a scroll of identify
Books
 b - a book of Flames

   Spells                             Type                      Level
   a - Flame Tongue                   Conjuration/Fire             1
   b - Throw Flame                    Conjuration/Fire             2
   c - Conjure Flame                  Conjuration/Fire             3
   d - Inner Flame                    Hexes/Fire                   3
   e - Sticky Flame                   Conjuration/Fire             4
   f - Fireball                       Conjuration/Fire             5
Comestibles
 c - 3 bread rations


   Skills:
 + Level 3.1 Dodging
 + Level 2.6 Stealth
 + Level 0.4 Unarmed Combat
 + Level 3.4 Spellcasting
 + Level 1.8 Conjurations
 + Level 4.1 Fire Magic


You had 2 spell levels left.
You knew the following spells:

 Your Spells              Type           Power        Failure   Level  Hunger
a - Flame Tongue          Conj/Fire      ###..        4%          1    None
b - Throw Flame           Conj/Fire      ###...       10%         2    ##.....
c - Conjure Flame         Conj/Fire      ###.....     14%         3    ###....


Dungeon Overview and Level Annotations

Branches:
Dungeon (2/15)

Altars:


Innate Abilities, Weirdness & Mutations

You are partially covered in yellow scales (AC +2).


Message History

Confirm with . or Enter, or press ? or * to list all spells.
Aiming: Throw Flame
Press: ? - help, Shift-Dir - straight line, f/p - worm
Aim: a worm (moderately wounded)
The puff of flame hits the worm.
The worm is severely wounded.
Casting: Throw Flame
Confirm with . or Enter, or press ? or * to list all spells.
Aiming: Throw Flame
Press: ? - help, Shift-Dir - straight line, f/p - worm
Aim: a worm (heavily wounded)
The puff of flame hits the worm.
The worm is almost dead.
You barely miss the worm.
The worm is almost dead.
You hit the worm.
The worm is almost dead.
The worm bites you!
Ouch! That really hurt!
You die...

#.##..#...##.#
#..#..#...##.#
##.#..######.# #
####..(.######.# #
#.......#....#.# #
#.......#.##.#.# ##
#.......#.##'#.# #.
#.......#.#....#####.
###.@.....#....##....
#.w...###....##.###
#....>###....##....
##....).'.....'....
#....###...###....
#....# #...# #.>..
#....# #...# #####
#....# ##### ######


You could see a worm.

Vanquished Creatures
  2 giant geckos (D:1)
  A ball python (D:1)
  8 bats
  3 giant cockroaches
  7 goblins
  3 hobgoblins
  6 jackals
  A quokka (D:2)
  7 giant newts
  8 kobolds
  5 rats
51 creatures vanquished.

Notes
Turn   | Place    | Note
--------------------------------------------------------------
     0 | D:1      | santipi the Deep Elf Fire Elementalist began the quest for the Orb.
     0 | D:1      | Reached XP level 1. HP: 10/10 MP: 6/6
     9 | D:1      | Gained mutation: You are partially covered in yellow scales (AC +2). [potion of beneficial mutation]
   202 | D:1      | Reached XP level 2. HP: 15/15 MP: 5/8
   335 | D:1      | Learned a level 2 spell: Throw Flame
   843 | D:1      | Reached skill level 4 in Fire Magic
   854 | D:1      | Reached XP level 3. HP: 19/19 MP: 4/9
  1845 | D:2      | Learned a level 3 spell: Conjure Flame
  2047 | D:2      | Slain by a worm

Skill      XL: |  1  2  3 |
---------------+----------+-----
Fire Magic     | 4 |  4.1
Dodging        | 3 |  3.1
Stealth        | |  2.6
Unarmed Combat | |  0.4
Spellcasting   | |  3.4
Conjurations   | |  1.8

Action                   || total
-------------------------++-------
Melee: Unarmed           ||   152
 Cast: Flame Tongue      ||    13
       Throw Flame       ||    53
       Conjure Flame     ||     3
  Use: Potion            ||     2
       Scroll            ||     2
  Eat: Meat ration       ||     1
       Bread ration      ||     1
       Chunk             ||     1
Armor: Robe              ||    54
Dodge: Dodged            ||   116
